 Dungeon Crawl Stone Soup version 0.26-a0-642-g67e99244d3 (webtiles) character file.

Game seed: 4148588360902503283

38 Colgate the Ruffian (level 3, -3/33 HPs)
             Began as a Palentonga Monk on Sept 23, 2020.
             Slain by a worm (6 damage)
             ... on level 2 of the Dungeon.
             The game lasted 00:08:13 (1162 turns).

Colgate the Ruffian (Palentonga Monk)               Turns: 1162, Time: 00:08:14

Health: -3/33      AC:  5    Str: 14    XL:     3   Next: 25%
Magic:  3/3        EV:  9    Int: 10    God:
Gold:   53         SH:  0    Dex: 13    Spells: 2/2 levels left

rFire    . . .     SeeInvis +     - Unarmed
rCold    . . .     Faith    .   (no shield)
rNeg     . . .     Spirit   .   m - +0 ring mail (curse)
rPois    .         Reflect  .   (no helmet)
rElec    .         Harm     .   (no cloak)
rCorr    +         Rampage  .   (no gloves)
MR       .....                  (no barding)
Stlth    +.........             (no amulet)
HPRegen  0.11/turn              l - ring of resist corrosion
MPRegen  0.08/turn              (no ring)

@: no status effects
A: large, rugged brown scales 3, see invisible, deformed body, roll, armoured
tail
a: Rolling Charge


You were on level 2 of the Dungeon.
You visited 1 branch of the dungeon, and saw 2 of its levels.

You collected 53 gold pieces.

Inventory:

Missiles
 e - 22 arrows
 g - 40 stones
 h - 23 poisoned darts (quivered)
Armour
 a - a +0 robe
 b - a +0 ring mail
 d - a +0 chain mail
 m - a cursed +0 ring mail (worn)
Jewellery
 l - a ring of resist corrosion (left hand)
Scrolls
 c - a scroll of fog {unknown}
 i - a scroll of remove curse {unknown}
 j - a scroll of amnesia {unknown}
 n - a scroll of immolation {unknown}
Potions
 f - 2 potions of flight {unknown}
 k - a potion of curing {unknown}


   Skills:
 - Level 3.0 Fighting
 - Level 2.4 Dodging
 - Level 1.2 Stealth
 + Level 4.4 Unarmed Combat


You had 2 spell levels left.
You didn't know any spells.
Your spell library was empty.

Dungeon Overview and Level Annotations

Branches:
Dungeon (2/15)

Altars:
Nemelex Xobeh


Innate Abilities, Weirdness & Mutations

You are completely covered in rugged brown scales. (AC +3, +7% HP)
You have supernaturally acute eyesight. (SInv)
Armour fits poorly on your strangely shaped body.
You can roll at foes to attack.
You have a long armoured tail.


Message History

The kobold hits you but does no damage. The worm bites you.
The gnoll closely misses you.
You hit the worm but do no damage.
The worm is lightly wounded.
The kobold hits you but does no damage.
You hit the worm. You tail-slap the worm.
The worm is heavily wounded.
The gnoll barely misses you. The kobold hits you but does no damage.
The worm bites you!
* * * LOW HITPOINT WARNING * * *
You hit the worm.
The worm is heavily wounded.
The gnoll hits you from afar with a +0 halberd.
* * * LOW HITPOINT WARNING * * *
The kobold hits you with a +0 short sword.
* * * LOW HITPOINT WARNING * * *
You barely miss the worm. You tail-slap the worm.
The worm is almost dead.
The worm bites you.
You die...

.######g##
.l.......#
$######..#
###..#
#...g#
#.##r#
..###. #g#
......##K#
#..w@.#
#..#### #.
#. #. ..
##### .
.....
#####


You could see a worm, 2 gnolls, a kobold and a rat.

Vanquished Creatures
  An adder (D:2)
  3 dart slugs (D:1)
  6 goblins
  A hobgoblin (D:1)
  2 kobolds
  A quokka (D:2)
  7 bats
  2 rats (D:1)
23 creatures vanquished.

Notes
Turn   | Place    | Note
-------+----------+-------------------------------------------
     0 | D:1      | Colgate the Palentonga Monk began the quest for the Orb.
     0 | D:1      | Reached XP level 1. HP: 20/20 MP: 1/1
   387 | D:1      | Reached XP level 2. HP: 27/27 MP: 2/2
   779 | D:1      | Reached skill level 4 in Unarmed Combat
   990 | D:2      | Reached XP level 3. HP: 33/33 MP: 3/3
  1075 | D:2      | Found a sparkling altar of Nemelex Xobeh.
  1162 | D:2      | Slain by a worm

Illustrated notes

Levels and vault maps discovered:
D:1:      dpeg_arrival_long_road, layout_loops_ring, chequers_decorated_corner
D:2:      layout_loops_ring, nicolae_overflow_crystal_walls,
          nemelex_xobeh_ov_fountains_minmay, lemuel_crystal_altar,
          makhleb_altar_promises_db, xom_redecorated, minmay_quadrilaterals

Skill      XL: |  1  2 |
---------------+-------+-----
Unarmed Combat | 4 |  4.4
Fighting       | |  3.0
Dodging        | |  2.4
Stealth        | |  1.2

Action                   || total
-------------------------++-------
Melee: Unarmed           ||    84
       Tailslap          ||     7
       Punch             ||     1
Throw: Dart              ||    15
 Abil: Rolling Charge    ||    28
Armor: Robe              ||    21
       Ring mail         ||     6
Dodge: Dodged            ||    36

Table legend: (Time is in decaauts)
 A = Elapsed time spent in this place.
 B = Non-inter-level travel time spent in this place.
 C = Inter-level travel time spent in this place.
 D = Time resting spent in this place.
 E = Time spent auto-exploring this place.
 F = Levels seen in this place.
 G = Mean time per level.
                   A        B        C        D        E       F      G
               +--------+--------+--------+--------+--------+-----+--------+
         Total |   1157 |   1145 |     12 |      0 |    752 |   2 |  578.5 |
       Dungeon |   1157 |   1145 |     12 |      0 |    752 |   2 |  578.5 |
               +--------+--------+--------+--------+--------+-----+--------+

Top non-repeatable levels by time:
     D:1: 980 daAuts
     D:2: 177 daAuts
